 Dungeon Sprint DCSS version 0.24-a0-486-ged8816983f (webtiles) character file.

Game seed: 15672464370880683393

25317 gruber the Peltast (level 13, -2/77 HPs)
             Began as a Vine Stalker Fighter on July 9, 2019.
             Was a High Priest of Okawaru.
             Slain by an entropy weaver (6 damage)
             ... in the Dungeon (Sprint IX: "|||||||||||||||||||||||||||||").
             The game lasted 00:09:03 (2267 turns).

gruber the Peltast (Vine Stalker Fighter)           Turns: 2267, Time: 00:09:04

Health: -2/77      AC:  8    Str: 23    XL:     13   Next: 18%
Magic:  0/15       EV: 23    Int: 11    God:    Okawaru [*****.]
Gold:   1724       SH: 17    Dex: 22    Spells: 12/12 levels left

rFire    . . .     SeeInvis +   q - +2 long sword (slice)
rCold    . . .     Gourm    .   c - +0 shield
rNeg     . . .     Faith    .   z - +4 scale mail of Paofekie {rElec Dex+7 SInv Stlth-}
rPois    .         Spirit   +   r - +0 helmet
rElec    +         Reflect  .   G - +1 cloak
rCorr    .         Harm     .   B - +0 pair of gloves
MR       +....     NoTele   +   A - +0 pair of boots
Stlth    +.........             (no amulet)
HPRegen  1.02/turn              t - +2 ring of protection
MPRegen  0.14/turn              u - +3 ring of intelligence

@: heroism, corroded
A: fangs 3, regeneration 2, magic shield, antimagic bite, no potion heal 3, rot
immunity
a: Heroism, Finesse, Renounce Religion


You were in the Dungeon.
You worshipped Okawaru.
Okawaru was extremely pleased with you.
You were not hungry.

You visited 1 branch You collected 1900 gold pieces.
You spent 176 gold pieces at shops.

Inventory:

Hand Weapons
 p - a +2 scimitar of flaming
 q - a +2 long sword of slicing (weapon)
Armour
 c - a +0 shield (worn)
 r - a +0 helmet (worn)
 z - the +4 scale mail of Paofekie (worn) {rElec Dex+7 SInv Stlth-}
   (Okawaru gifted it to you in the Dungeon)

   It affects your dexterity (+7).
   It insulates you from electricity.
   It lets you see invisible.
   It makes you less stealthy.
 A - a +0 pair of boots (worn)
 B - a +0 pair of gloves (worn)
 F - a +1 large shield
 G - a +1 cloak (worn)
Jewellery
 o - an uncursed ring of fire
 t - a +2 ring of protection (left hand)
 u - a +3 ring of intelligence (right hand)
 C - an uncursed ring of ice
 D - an uncursed ring of ice
 E - an uncursed ring of fire
Wands
 n - a wand of acid (10)
Scrolls
 k - 4 scrolls of blinking
 l - 3 scrolls of remove curse
 m - 2 scrolls of amnesia
 s - 3 scrolls of enchant armour
 x - 4 scrolls of identify
 y - a scroll of fear
Potions
 a - a potion of agility
 d - a potion of might
 e - 8 potions of curing
 g - 9 potions of heal wounds
 h - 2 potions of haste
 i - 3 potions of magic
 j - a potion of invisibility
 v - 4 potions of berserk rage
 w - a potion of resistance
Comestibles
 f - 11 rations


   Skills:
 - Level 13.1(18.1) Fighting
 - Level 15.3(20.3) Long Blades
 - Level 12.4(17.4) Armour
 - Level 10.2(15.2) Dodging
 + Level 16.5(21.5) Shields
 - Level 1.9 Invocations


You had 12 spell levels left.
You didn't know any spells.
Your spell library was empty.

Dungeon Overview and Level Annotations

Branches:
Dungeon (1/1)

Altars:
Cheibriados
Dithmenos
Elyvilon
Fedhas
Gozag
Hepliaklqana
Kikubaaqudgha
Makhleb
Nemelex Xobeh
Okawaru
Qazlal
Ru
Sif Muna
Trog
Uskayaw
Vehumet
Wu Jian
Xom
Yredelemnul
Zin
The Shining One
Beogh
Jiyva
Lugonu

Shops:
D %:!%


Innate Abilities, Weirdness & Mutations

You have razor-sharp teeth.
You heal very quickly.
When hurt, damage is shared between your health and your magic reserves.
Your bite disrupts and absorbs the magic of your enemies.
Potions cannot restore your health.
You are immune to rotting.


Message History

You block the jumping spider's attack.
The jumping spider bites you but does no damage.
You block the entropy weaver's attack. x2
The entropy weaver hits you but does no damage.
The entropy weaver closely misses you. The jumping spider pounces on you!
* * * LOW HITPOINT WARNING * * *
You are caught in a web!
The jumping spider bites you but does no damage.
The jumping spider leaps!
Unknown command.
Unknown command.
Unknown command.
Unknown command.
You are too injured to fight recklessly!
You are too injured to fight recklessly!
You are too injured to fight recklessly!
Your hands slow down.
The entropy weaver closely misses you. You block the entropy weaver's attack.
The entropy weaver hits you!
You die...

_▓.▓.▓.▓.▓.▓.▓.▓
_▓.▓.▓.▓.▓.▓)▓.▓.▓
_▓.▓'▓.▓.▓.▓)▓.▓.▓
_▓.▓.▓[▓.▓.▓)▓.▓.▓
_▓.▓.▓)▓)▓.▓)▓.▓.▓
_▓.▓.▓.▓)▓.▓)▓.▓.▓
_▓.▓.▓.▓)▓.▓)▓.▓s▓
'▓.▓.▓.▓.▓.▓)▓.▓a▓
.▓.▓)▓.▓)▓.▓)▓.▓@▓
.▓.▓=▓.▓)▓.▓.▓.▓s▓
.▓.▓[▓.▓)▓.▓.▓.▓.▓
.▓.▓.▓.▓.▓.▓.▓.▓s▓
)▓.▓.▓.▓.▓.▓.▓.▓.▓
†▓.▓.▓.▓.▓.▓.▓.▓.▓
.▓.▓.▓.▓.▓.▓'▓.▓○▓
.▓.▓.▓.▓.▓.▓.▓.▓.▓
.▓.▓'▓.▓.▓.▓.▓.▓.▓


You could see an entropy weaver, a wolf spider and 2 jumping spiders.

Vanquished Creatures
  A stone giant (D)
  3 hydras (D)
  A catoblepas (D)
  2 rakshasas (D)
  A centaur warrior (D)
  A two-headed ogre (D)
  2 tengu warriors (D)
  A deep troll earth mage (D)
  A vampire mage (D)
  4 death yaks (D)
  Urug (D)
  8 orc high priests (D)
  A wizard (D)
  2 orc knights (D)
  A wolf spider (D)
  2 orb spiders (D)
  A deep elf mage (D)
  A black mamba (shapeshifter) (D)
  Joseph (D)
  A black mamba (D)
  2 spiny frogs (D)
  A demonic crawler (D)
  A komodo dragon (D)
  A wraith (D)
  4 yaks (D)
  A steam dragon (D)
  A soldier ant (D)
  3 water moccasins (D)
  3 porcupines (D)
  A necrophage (D)
  11 orc warriors (D)
  4 ogres (D)
  A crocodile (D)
  4 bullfrogs (D)
  2 scorpions (D)
  A wight (D)
  2 howler monkeys (D)
  6 orc priests (D)
  4 orc wizards (D)
  A worker ant (D)
  An adder (D)
  An adder skeleton (D)
  8 orcs (D)
  A giant cockroach (D)
  A goblin (D)
  A hobgoblin (D)
  A kobold (D)
  A bat (D)
  2 giant cockroach zombies (D)
107 creatures vanquished.

Notes
Turn   | Place    | Note
-------+----------+-------------------------------------------
     0 | D        | gruber the Vine Stalker Fighter began the quest for the
                  | Orb.
     0 | D        | Reached XP level 1. HP: 11/11 MP: 2/2
   103 | D        | Noticed an orc wizard
   103 | D        | Noticed an ogre
   103 | D        | Noticed a worker ant
   105 | D        | Reached XP level 2. HP: 16/16 MP: 1/3
   112 | D        | Reached skill level 5 in Long Blades
   112 | D        | Reached XP level 3. HP: 19/19 MP: 2/4
   115 | D        | Killed an ogre
   115 | D        | Gained mutation: Your natural rate of healing is unusually
                  | fast. [Vine Stalker growth]
   115 | D        | Reached XP level 4. HP: 18/23 MP: 2/5
   119 | D        | Reached XP level 5. HP: 16/27 MP: 6/6
   163 | D        | Found a roughly hewn altar of Beogh.
   163 | D        | Found a snail-covered altar of Cheibriados.
   163 | D        | Found a shadowy altar of Dithmenos.
   163 | D        | Found a white marble altar of Elyvilon.
   163 | D        | Found a blossoming altar of Fedhas.
   163 | D        | Found an opulent altar of Gozag.
   164 | D        | Found a hazy altar of Hepliaklqana.
   165 | D        | Found a viscous altar of Jiyva.
   166 | D        | Found an ancient bone altar of Kikubaaqudgha.
   167 | D        | Found a corrupted altar of Lugonu.
   168 | D        | Found a burning altar of Makhleb.
   169 | D        | Found a sparkling altar of Nemelex Xobeh.
   170 | D        | Found an iron altar of Okawaru.
   171 | D        | Found a stormy altar of Qazlal.
   172 | D        | Found a sacrificial altar of Ru.
   173 | D        | Found a deep blue altar of Sif Muna.
   174 | D        | Found a bloodstained altar of Trog.
   175 | D        | Found a hide-covered altar of Uskayaw.
   176 | D        | Found a radiant altar of Vehumet.
   177 | D        | Found an ornate altar of the Wu Jian Council.
   178 | D        | Became a worshipper of Warmaster Okawaru
   179 | D        | Found a shimmering altar of Xom.
   180 | D        | Found a basalt altar of Yredelemnul.
   181 | D        | Found a glowing silver altar of Zin.
   182 | D        | Found a glowing golden altar of the Shining One.
   236 | D        | Noticed an ogre
   244 | D        | Killed an ogre
   244 | D        | Reached XP level 6. HP: 16/32 MP: 4/7
   273 | D        | Reached * piety under Okawaru
   299 | D        | Noticed a necrophage
   299 | D        | Noticed a two-headed ogre
   301 | D        | Reached XP level 7. HP: 35/35 MP: 5/8
   308 | D        | Killed a two-headed ogre
   308 | D        | Reached ** piety under Okawaru
   308 | D        | Reached skill level 15 in Long Blades
   308 | D        | Reached skill level 1 in Invocations
   308 | D        | Gained mutation: You have razor-sharp teeth. [Vine Stalker
                  | growth]
   308 | D        | Reached XP level 8. HP: 28/39 MP: 7/10
   316 | D        | Reached *** piety under Okawaru
   321 | D        | Reached skill level 5 in Fighting
   429 | D        | Noticed a yak
   429 | D        | Noticed a spiny frog
   429 | D        | Noticed a komodo dragon
   432 | D        | Noticed a four-headed hydra
   433 | D        | Killed a komodo dragon
   440 | D        | Reached XP level 9. HP: 46/52 MP: 11/11
   442 | D        | Noticed a spiny frog
   445 | D        | Killed a spiny frog
   446 | D        | Reached skill level 10 in Fighting
   526 | D        | Killed a four-headed hydra
   526 | D        | Reached **** piety under Okawaru
   661 | D        | Killed a spiny frog
   661 | D        | Reached XP level 10. HP: 41/64 MP: 12/12
   825 | D        | Reached skill level 1 in Dodging
   825 | D        | Reached skill level 3 in Shields
   898 | D        | Noticed an eight-headed hydra
   898 | D        | Noticed a black mamba
   899 | D        | Noticed a six-headed hydra
   920 | D        | Killed a black mamba
   924 | D        | Killed an eight-headed hydra
   924 | D        | Reached ***** piety under Okawaru
   924 | D        | Reached skill level 5 in Armour
   924 | D        | Reached skill level 5 in Shields
   996 | D        | Killed a six-headed hydra
   996 | D        | Received a gift from Okawaru
  1006 | D        | Reached skill level 5 in Dodging
  1012 | D        | Got a pitted scale mail {god gift}
  1023 | D        | Identified the +4 scale mail of Paofekie {rElec Dex+7 SInv
                  | Stlth-} (Okawaru gifted it to you in the Dungeon)
  1102 | D        | Noticed a death yak
  1102 | D        | Noticed a death yak
  1102 | D        | Noticed a death yak
  1102 | D        | Noticed a death yak
  1102 | D        | Noticed a catoblepas
  1114 | D        | Killed a catoblepas
  1114 | D        | Reached skill level 6 in Shields
  1132 | D        | Killed a death yak
  1132 | D        | Reached XP level 11. HP: 66/68 MP: 13/13
  1141 | D        | Killed a death yak
  1141 | D        | Reached skill level 7 in Shields
  1154 | D        | Killed a death yak
  1165 | D        | Killed a death yak
  1165 | D        | Reached skill level 8 in Shields
  1290 | D        | Noticed Joseph
  1298 | D        | Killed Joseph
  1304 | D        | Noticed Urug
  1318 | D        | Killed Urug
  1318 | D        | Received a gift from Okawaru
  1318 | D        | Reached skill level 10 in Armour
  1321 | D        | Got a warped scale mail {god gift}
  1332 | D        | Identified the +5 scale mail of the Purple Skies {+Inv rF-
                  | SInv} (Okawaru gifted it to you in the Dungeon)
  1410 | D        | Reached skill level 9 in Shields
  1508 | D        | Noticed an orc knight
  1508 | D        | Noticed a stone giant
  1519 | D        | Killed a stone giant
  1531 | D        | Killed an orc knight
  1536 | D        | Noticed an orc knight
  1557 | D        | Reached skill level 10 in Shields
  1568 | D        | Killed an orc knight
  1568 | D        | Gained mutation: You heal very quickly. [Vine Stalker
                  | growth]
  1568 | D        | Reached XP level 12. HP: 26/73 MP: 4/14
  1630 | D        | Found Omeok's Food Boutique.
  1630 | D        | Noticed an orc high priest
  1630 | D        | Noticed an orc high priest
  1630 | D        | Noticed an orc high priest
  1630 | D        | Noticed an orc high priest
  1639 | D        | Killed an orc high priest
  1641 | D        | Killed an orc high priest
  1646 | D        | Killed an orc high priest
  1646 | D        | Reached skill level 11 in Shields
  1647 | D        | Found Riggann's Distillery.
  1650 | D        | Killed an orc high priest
  1654 | D        | Found Xegremir's Book Boutique.
  1658 | D        | Noticed an orc high priest
  1659 | D        | Found Vyeqig's Food Shop.
  1659 | D        | Noticed an orc high priest
  1661 | D        | Noticed an orc high priest
  1662 | D        | Noticed a sun demon
  1678 | D        | Noticed an orc high priest
  1690 | D        | Killed an orc high priest
  1695 | D        | Killed an orc high priest
  1695 | D        | Reached skill level 10 in Dodging
  1698 | D        | HP: 2/73 [orc high priest/nerve-wracking pain (7)]
  1701 | D        | Killed an orc high priest
  1701 | D        | Reached skill level 12 in Shields
  1702 | D        | Received a gift from Okawaru
  1703 | D        | HP: 2/73 [sixfirhy[an orc high priest] (2)]
  1707 | D        | Killed an orc high priest
  1789 | D        | Bought a potion of berserk rage for 55 gold pieces
  1789 | D        | Bought a potion of berserk rage for 55 gold pieces
  1789 | D        | Bought a potion of curing for 33 gold pieces
  1789 | D        | Bought a potion of curing for 33 gold pieces
  1943 | D        | Noticed a rakshasa
  1943 | D        | Noticed a tengu warrior
  1964 | D        | Killed a tengu warrior
  1964 | D        | Reached skill level 13 in Shields
  1971 | D        | Noticed a centaur warrior
  1982 | D        | Killed a rakshasa
  1989 | D        | Killed a centaur warrior
  1989 | D        | Reached skill level 14 in Shields
  1992 | D        | Noticed a deep troll earth mage
  1996 | D        | Noticed a tengu warrior
  1997 | D        | Noticed a rakshasa
  1998 | D        | Noticed a vampire mage
  2003 | D        | Killed a deep troll earth mage
  2011 | D        | Killed a tengu warrior
  2011 | D        | Reached skill level 15 in Shields
  2011 | D        | Reached XP level 13. HP: 73/77 MP: 15/15
  2046 | D        | Killed a rakshasa
  2186 | D        | Noticed an entropy weaver
  2220 | D        | Reached skill level 16 in Shields
  2226 | D        | Received a gift from Okawaru
  2266 | D        | HP: 3/77 [jumping spider (10)]
  2267 | D        | Slain by an entropy weaver

Levels and vault maps discovered:
D:        linesprint [early_d, line_temple, items_1, d_10, items_2, lair_1,
          lair_end, items_3, orc_1, orc_end, items_4, d_15, swamp_1, shoals_1,
          snake_1, spider_1, d_20, vaults_1, items_5, swamp_end, shoals_end,
          snake_end, spider_end, vaults_end, d_27, items_6, zot_1, zot_end,
          crypt_end, forest_end, elf_end, slime_end, tomb_end, abyss_end,
          pan_hell_end]

Skill      XL: |  1  2  3  4  5  6  7  8  9 10 11 12 13 |
---------------+----------------------------------------+-----
Long Blades    | 3 5 8 9 11 12 15 | 15.3
Invocations    | 1 |  1.9
Fighting       | 8 13 | 13.1
Dodging        | 6 9 10 | 10.2
Shields        | 6 10 15 16 | 16.5
Armour         | 8 11 12 | 12.4

Action                   |  1- 3 |  4- 6 |  7- 9 | 10-12 | 13-15 || total
-------------------------+-------+-------+-------+-------+-------++-------
Melee: Long sword        |    21 |     5 |       |       |    70 ||    96
       Bite              |     4 |    10 |    20 |   141 |    75 ||   250
       Rapier            |       |    19 |    56 |   156 |       ||   231
       Scimitar          |       |       |       |   167 |    31 ||   198
Invok: Heroism           |       |     1 |     1 |    10 |     3 ||    15
       Finesse           |       |       |       |     4 |     2 ||     6
  Use: Potion            |     1 |       |       |     1 |       ||     2
       Scroll            |       |       |       |       |     1 ||     1
 Stab: Petrified         |       |       |       |     1 |       ||     1
  Eat: Chunk             |       |       |       |     3 |     2 ||     5
Armor: Scale mail        |     6 |     1 |       |    36 |    27 ||    70
       Chain mail        |       |     7 |    14 |    26 |       ||    47
Dodge: Dodged            |     3 |     5 |     5 |    87 |    64 ||   164
Block: Shield            |     6 |     4 |    15 |   127 |    76 ||   228
       Rpst.: Scimitar   |       |       |       |    11 |     4 ||    15
       Long sword        |       |       |       |       |     8 ||     8

Table legend:
 A = Non-vault XP
 B = Vault XP
 C = Vault XP percentage of total XP
 D = Non-vault monster count
 E = Vault monster count
 F = Vault count percentage of total count
                 A         B        C        D         E       F
            +---------+---------+-------+---------+---------+-------
      Total |       0 |   36168 | 100.0 |       0 |     107 | 100.0
            +---------+---------+-------+---------+---------+-------
          D |       0 |   36168 | 100.0 |       0 |     107 | 100.0
            +---------+---------+-------+---------+---------+-------
